 Dungeon Crawl Stone Soup version 0.30-a0-223-gcb0039aa0c (webtiles) character file.

Game seed: 15898214771490755037

145 qw the Chopper (level 5, -1/32 HPs)
             Began as a Gargoyle Fighter on Oct 9, 2022.
             Slain by a gnoll
             ... wielding a +0 whip of draining
             ... led by a gnoll bouda
              (5 damage)
             ... on level 4 of the Dungeon.
             The game lasted 00:00:56 (1918 turns).

qw the Chopper (Gargoyle Fighter)                   Turns: 1918, Time: 00:00:57

Health: -1/32      AC: 15    Str: 22    XL:     5   Next: 27%
Magic:  5/5        EV:  6    Int:  8    God:
Gold:   142        SH:  4    Dex:  9    Spells: 4/4 levels left

rFire   + . .      SeeInvis .    Y - +1 war axe
rCold   . . .      Faith    .    c - +0 buckler
rNeg    + . .      Spirit   .    f - +0 plate armour
rPois   inf        Reflect  .    (no helmet)
rElec   +          Harm     .    (no cloak)
rCorr   .          Rampage  .    (no gloves)
Will    .....                    (no boots)
Stlth   ..........               (no amulet)
HPRegen 0.25/turn                o - ring of protection from fire
MPRegen 0.09/turn                (no ring)

@: about to teleport
A: sickness immunity, AC +4, negative energy resistance 1, electricity
resistance, torment resistance 1, petrification resistance
a: no special abilities


You were on level 4 of the Dungeon.
You visited 1 branch of the dungeon, and saw 4 of its levels.

You collected 207 gold pieces.
You spent 65 gold pieces at shops.


Innate Abilities, Weirdness & Mutations

You are immune to sickness and miasma.
Your stone body is resilient. (AC +4)
You are immune to poison.
You resist negative energy. (rN+)
You are resistant to electric shocks. (rElec)
You are resistant to unholy torment.
You are immune to petrification.


   Skills:
 - Level 3.2 Fighting
 + Level 4.6 Axes
 - Level 1.0 Throwing
 - Level 3.2 Armour
 - Level 3.2 Shields


You had 4 spell levels left.
You didn't know any spells.
Your spell library was empty.

Inventory:

Hand Weapons
 m - a +0 morningstar
 Y - a +1 war axe (weapon)
Missiles
 a - a silver javelin (quivered)
Armour
 b - a +0 helmet
 c - a +0 buckler (worn)
 f - a +0 plate armour (worn)
Jewellery
 o - a ring of protection from fire (left hand)
Scrolls
 p - 3 scrolls of teleportation
 q - a scroll of identify
Potions
 d - a potion of might
 e - a potion of degeneration {unknown}
 g - a potion of lignification
 h - a potion of curing
 j - a potion of ambrosia {unknown}
 k - a potion of heal wounds {unknown}
 l - a potion of haste {unknown}
 n - a potion of mutation {unknown}

Dungeon Overview and Level Annotations

Branches:
Dungeon (4/15)
 Temple: D:4-7

Altars:

Shops:
D:3 *


Message History

A gnoll bouda comes into view. It is wielding a +0 club.
A gnoll comes into view. It is wielding a +0 whip of draining.
A gnoll comes into view. It is wielding a +0 whip.
A goblin comes into view. It is wielding a +0 dagger.
The goblin shouts!
The gnoll shouts!
The goblin hits you but does no damage.
You closely miss the gnoll bouda. You slash the goblin!
You kill the goblin!
The gnoll bouda hits you with a +0 club. x2
You barely miss the gnoll bouda. You hit the gnoll.
The gnoll bouda barks out a call to the hunt!
The gnolls pick up the pace!
You block the gnoll's attack.
You hit the gnoll.
The gnoll is moderately wounded.
You closely miss the gnoll bouda. The gnoll hits you but does no damage.
The gnoll bouda hits you with a +0 club!
The gnoll closely misses you.
You barely miss the gnoll.
The gnoll is moderately wounded.
You hit the gnoll bouda but do no damage.
You closely miss the gnoll. The gnoll hits you but does no damage.
The gnoll bouda hits you but does no damage.
The gnoll hits you with a +0 whip!
The gnoll hits you with a +0 whip of draining.
You block the gnoll bouda's attack.
1917 ||| READING 4 scrolls of teleportation.
As you read the scroll of teleportation, it crumbles to dust.
You feel strangely unstable. The gnoll hits you but does no damage.
The gnoll hits you with a +0 whip of draining.
The gnoll bouda hits you but does no damage.
You closely miss the gnoll.
The gnoll is moderately wounded.
You barely miss the gnoll. You hit the gnoll bouda.
The gnoll closely misses you.
The gnoll hits you with a +0 whip of draining.
You die...

#..........
.......... ##
.......... ...
...(..... ....
....(....
.....##g.......
......ggg......
....###@.......
. #.....##.....
.......###.#
#.. ....#
###..#
#...#..[###.##
#....).>...#
#..#.)####.#
#.##..#
##.#..##


You could see a gnoll bouda, 2 gnolls and a goblin.

Vanquished Creatures
  Robin (D:4)
  4 adders
  2 gnolls (D:4)
  A worm (D:3)
  2 dart slugs (D:1)
  4 orcs
  7 endoplasms
  8 goblins
  8 hobgoblins
  6 jackals
  2 quokkas
  4 ball pythons
  6 bats
  2 frilled lizards (D:1)
  3 kobolds
  5 rats
65 creatures vanquished.

Notes
Turn   | Place    | Note
-------+----------+-------------------------------------------
     0 | D:1      | qw the Gargoyle Fighter began the quest for the Orb.
     0 | D:1      | Reached XP level 1. HP: 14/14 MP: 1/1
     0 | D:1      | 0 ||| qw: Version: 0.2-a-17-g06abaee
     0 | D:1      | 0 ||| qw: Game counter: 2156
     0 | D:1      | 0 ||| qw: Always use a shield: true
     0 | D:1      | 0 ||| qw: God list: Okawaru
     0 | D:1      | 0 ||| qw: Allow faded altars: false
     0 | D:1      | 0 ||| qw: Do Orc after D:15 true
     0 | D:1      | 0 ||| qw: Do second Lair branch before Depths: true
     0 | D:1      | 0 ||| qw: Lair rune preference: random
     0 | D:1      | 0 ||| qw: Plans: Normal, Zot:1-4, God:TSO, Crypt, Tomb,
                  | Pan, Slime:5, Hells, Abyss, Orb
     0 | D:1      | 0 ||| PLANNING D:1-11
   110 | D:1      | Reached skill level 2 in Axes
   228 | D:1      | Reached XP level 2. HP: 15/19 MP: 2/2
   417 | D:1      | 417 ||| Stepping ~*~*~tactically~*~*~ (hiding).
   418 | D:1      | 418 ||| Stepping ~*~*~tactically~*~*~ (hiding).
   419 | D:1      | 419 ||| Stepping ~*~*~tactically~*~*~ (hiding).
   422 | D:1      | 422 ||| Stepping ~*~*~tactically~*~*~ (hiding).
   687 | D:1      | 687 ||| DROPPING ring of magical power.
   688 | D:1      | 688 ||| UPGRADING to ring of protection from fire.
   689 | D:1      | 689 ||| READING scroll labelled HIOB CESHIVYD.
   694 | D:1      | 694 ||| READING scroll labelled AQOETI WYCLIMO.
   695 | D:1      | 695 ||| READING scroll labelled KETUEGU DITORUI.
   696 | D:1      | 696 ||| DRINKING 2 fizzy purple potions.
   777 | D:2      | Reached skill level 3 in Axes
   777 | D:2      | Reached XP level 3. HP: 23/23 MP: 3/3
   781 | D:2      | 781 ||| Stepping ~*~*~tactically~*~*~ (stealth).
   814 | D:2      | 814 ||| FLEEEEING.
   993 | D:2      | 993 ||| Stepping ~*~*~tactically~*~*~ (stealth).
  1019 | D:2      | Reached XP level 4. HP: 15/28 MP: 4/4
  1145 | D:2      | Identified the +9 short sword "Gargoyle's Foe" {speed, Fly
                  | MP+9 Dex-4 Stlth+}
  1248 | D:2      | 1248 ||| UPGRADING to +0 plate armour.
  1258 | D:2      | 1258 ||| DROPPING +0 scale mail.
  1259 | D:2      | 1259 ||| READING scroll labelled FAUKOSHEUH.
  1260 | D:2      | 1260 ||| READING scroll labelled ANIEDODDOWK.
  1261 | D:2      | 1261 ||| READING 2 scrolls labelled INUSOI FEMANWE.
  1314 | D:3      | Reached skill level 4 in Axes
  1340 | D:3      | Found Fygh's General Store.
  1343 | D:3      | 1343 ||| BUYING scroll of identify (26 gold).
  1343 | D:3      | Bought a scroll of identify for 26 gold pieces
  1343 | D:3      | 1343 ||| BUYING scroll of teleportation (39 gold).
  1343 | D:3      | Bought a scroll of teleportation for 39 gold pieces
  1745 | D:3      | 1745 ||| Stepping ~*~*~tactically~*~*~ (stealth).
  1772 | D:3      | 1772 ||| READING scroll labelled QYTAFOCZOFO.
  1773 | D:3      | 1773 ||| DRINKING 2 coppery potions.
  1774 | D:3      | 1774 ||| READING 2 scrolls of identify.
  1774 | D:3      | 1774 ||| IDENTIFYING fuming coppery potion
  1775 | D:3      | 1775 ||| DROPPING potion of flight.
  1787 | D:4      | 1787 ||| PLANNING OSSUARY
  1806 | D:4      | 1806 ||| Stepping ~*~*~tactically~*~*~ (stealth).
  1807 | D:4      | 1807 ||| Stepping ~*~*~tactically~*~*~ (stealth).
  1810 | D:4      | 1810 ||| Stepping ~*~*~tactically~*~*~ (stealth).
  1813 | D:4      | 1813 ||| Stepping ~*~*~tactically~*~*~ (stealth).
  1814 | D:4      | Noticed Robin
  1815 | D:4      | 1815 ||| Stepping ~*~*~tactically~*~*~ (hiding).
  1828 | D:4      | Killed Robin
  1829 | D:4      | Reached skill level 1 in Throwing
  1829 | D:4      | Reached XP level 5. HP: 30/32 MP: 5/5
  1849 | D:4      | 1849 ||| FLEEEEING.
  1850 | D:4      | 1850 ||| FLEEEEING.
  1851 | D:4      | 1851 ||| FLEEEEING.
  1852 | D:4      | 1852 ||| FLEEEEING.
  1853 | D:4      | 1853 ||| FLEEEEING.
  1854 | D:4      | 1854 ||| FLEEEEING.
  1855 | D:4      | 1855 ||| FLEEEEING.
  1856 | D:4      | 1856 ||| FLEEEEING.
  1857 | D:4      | 1857 ||| FLEEEEING.
  1858 | D:4      | 1858 ||| FLEEEEING.
  1859 | D:4      | 1859 ||| STAIRDANCE
  1908 | D:4      | 1908 ||| Stepping ~*~*~tactically~*~*~ (stealth).
  1916 | D:4      | HP: 7/32 [gnoll/+0 whip of draining[a gnoll bouda] (3)]
  1917 | D:4      | 1917 ||| READING 4 scrolls of teleportation.
  1917 | D:4      | HP: 3/32 [gnoll/+0 whip of draining[a gnoll bouda] (4)]
  1918 | D:4      | Slain by a gnoll

Levels and vault maps discovered:
D:1:      minmay_arrival_up_and_down, layout_rooms
D:2:      layout_basic
D:3:      layout_basic, serial_shops, nicolae_shop_behind_doors,
          kennysheep_generic_room_4
D:4:      layout_rooms, enter_ossuary_3, uniq_robin

Skill      XL: |  1  2  3  4 |
---------------+-------------+-----
Axes           | 2 3 4 |  4.6
Throwing       | 1 |  1.0
Fighting       | |  3.2
Armour         | |  3.2
Shields        | |  3.2

Action                   |  1- 3 |  4- 6 || total
-------------------------+-------+-------++-------
Melee: War axe           |   102 |    90 ||   192
Throw: Javelin           |       |     2 ||     2
  Use: Scroll            |     3 |     6 ||     9
       Potion            |     1 |     1 ||     2
Armor: Scale mail        |    78 |     2 ||    80
       Plate armour      |       |    47 ||    47
Dodge: Dodged            |    76 |    28 ||   104
Block: Buckler           |    27 |    15 ||    42

Table legend:
 A = Non-vault XP
 B = Vault XP
 C = Vault XP percentage of total XP
 D = Non-vault monster count
 E = Vault monster count
 F = Vault count percentage of total count
                 A         B        C        D         E       F
            +---------+---------+-------+---------+---------+-------
      Total |     174 |      34 |  16.3 |      54 |      11 |  16.9
            +---------+---------+-------+---------+---------+-------
        D:1 |      28 |       0 |   0.0 |      15 |       0 |   0.0
        D:2 |      70 |       0 |   0.0 |      20 |       0 |   0.0
        D:3 |      42 |       2 |   4.5 |      14 |       1 |   6.7
        D:4 |      34 |      32 |  48.5 |       5 |      10 |  66.7
            +---------+---------+-------+---------+---------+-------
